AoeStats
← [NOE] Jupiter

Lombardia

509168748Analyzed
2v2 RM · 7d ago on Sep 25, 2026· 77m 17s· 4 players
Game mode
Random Map
Map size
Medium (4 player)
Population
200
Speed
Normal
Resources
Standard
Victory
Conquest
Starting age
Dark Age
Ending age
Imperial Age
RankedLock teamsTeams togetherTeam positionsShared explorationLock speedFull tech treeHidden civsTurbo modeCheats
Victory
Defeat
🇫🇷 Bulgarians · France
1484
+18
🇫🇷 Cumans · France
1457
+19
🇨🇿 Jurchens · Czechia
1609
-22
🇨🇿 Sicilians · Czechia
1445
-15
Datel
6:32 Loom
9:40 Feudal Age
10:16 Double-Bit Axe
10:12 Horse Collar
15:17 Scale Barding Armor
15:28 Bloodlines
15:36 Forging
17:11 Wheelbarrow
21:38 Castle Age
22:11 Fletching
22:50 Bow Saw
22:35 Gold Mining
23:20 Bodkin Arrow
23:58 Padded Archer Armor
25:20 Ballistics
27:48 Heavy Plow
28:11 Husbandry
43:56 Hand Cart
48:13 Imperial Age
47:35 Leather Archer Armor
48:20 Heavy Cavalry Archer
49:01 Bracer
50:08 Chemistry
49:53 Stone Mining
51:13 Ring Archer Armor
59:21 Murder Holes
59:32 Siege Engineers
60:09 Light Cavalry
62:14 Coinage
62:12 Hussar
63:00 Scale Barding Armor
63:31 Iron Casting
64:10 Gold Shaft Mining
64:36 Chain Barding Armor
68:15 Masonry
69:16 Plate Barding Armor
Matayo
5:34 Loom
9:05 Feudal Age
9:36 Double-Bit Axe
9:33 Horse Collar
11:45 Man-at-Arms
19:43 Scale Mail Armor
21:33 Forging
25:09 Castle Age
26:37 Chain Mail Armor
26:58 Iron Casting
27:28 Bow Saw
30:06 Husbandry
30:16 Bloodlines
31:19 Wheelbarrow
31:51 Squires
31:12 Pikeman
33:08 Bloodlines
35:13 Town Watch
35:43 Scale Barding Armor
36:00 Gold Mining
36:00 Stone Mining
36:53 Heavy Plow
41:03 Imperial Age
41:10 Cavalier
43:41 Blast Furnace
43:10 Chain Barding Armor
46:46 Crop Rotation
46:48 Hand Cart
47:59 Conscription
48:21 Plate Mail Armor
49:02 Elite Serjeant
49:49 Fletching
68:07 Arson
76:40 Gold Shaft Mining
[NOE] Lyrendir
8:49 Feudal Age
9:43 Double-Bit Axe
9:40 Horse Collar
11:38 Arson
14:49 Loom
20:15 Wheelbarrow
26:14 Castle Age
25:33 Gold Mining
25:53 Scale Mail Armor
26:03 Forging
27:35 Chain Mail Armor
27:39 Bow Saw
27:31 Heavy Plow
27:41 Squires
28:33 Gambesons
29:27 Iron Casting
35:06 Gold Shaft Mining
34:36 Fletching
35:31 Bodkin Arrow
35:39 Padded Archer Armor
36:55 Ballistics
37:56 Leather Archer Armor
37:32 Elite Skirmisher
41:14 Pikeman
45:02 Hand Cart
47:55 Stone Mining
48:11 Town Watch
52:30 Imperial Age
49:50 Town Watch
52:06 Thumb Ring
52:14 Town Patrol
53:54 Stone Shaft Mining
52:58 Heavy Scorpion
53:37 Murder Holes
53:47 Siege Engineers
54:45 Chemistry
53:52 Siege Engineers
53:53 Bracer
54:23 Plate Mail Armor
54:54 Blast Furnace
53:18 Halberdier
56:19 Crop Rotation
60:17 Caravan
61:55 Capped Ram
64:01 Masonry
63:46 Murder Holes
63:35 Siege Ram
65:31 Redemption
67:10 Bagains
67:36 Conscription
70:53 Onager
73:20 Architecture
[NOE] Jupiter
8:48 Feudal Age
9:23 Double-Bit Axe
10:37 Horse Collar
11:38 Loom
14:49 Forging
14:35 Town Watch
17:36 Scale Barding Armor
19:19 Bloodlines
24:51 Castle Age
23:34 Gold Mining
25:55 Bow Saw
25:49 Light Cavalry
26:51 Chain Barding Armor
27:43 Iron Casting
28:06 Wheelbarrow
29:28 Hand Cart
34:05 Gold Shaft Mining
42:28 Imperial Age
41:47 Fletching
42:19 Ballistics
42:17 Heavy Plow
42:56 Bodkin Arrow
43:47 Plate Barding Armor
43:20 Steppe Husbandry
43:41 Conscription
44:40 Town Patrol
44:38 Elite Steppe Lancer
46:20 Blast Furnace
45:42 Hussar
47:50 Coinage
49:10 Two-Man Saw
49:46 Banking
51:01 Crop Rotation
53:18 Hoardings
55:22 Chemistry
55:41 Caravan
71:18 Guilds
74:13 Sappers
74:45 Murder Holes
74:27 Capped Ram
75:50 Siege Ram
77:02 Masonry
Connection lost

Rejoining the realm…

Still unreachable

The connection could not be restored.

Session expired

The server has moved on; the page needs a fresh start.